 Dungeon Crawl Stone Soup version 0.31.0-11-ge490571c62 (webtiles) character file.

Game seed: 11284486952336396740

484 NotreDorf the Poker (level 7, 0/56 HPs)
             Began as a Merfolk Berserker on Jan 27, 2024.
             Was a Believer of Trog.
             Slain by an iguana (2 damage)
             ... on level 4 of the Dungeon.
             The game lasted 00:09:48 (3701 turns).

NotreDorf the Poker (Merfolk Berserker)             Turns: 3701, Time: 00:09:48

Health: 0/56       AC:  4    Str: 19    XL:     7   Next: 12%
Magic:  7/7        EV: 14    Int:  6    God:    Trog [**....]
Gold:   115        SH:  0    Dex: 14    Spells: 6/6 levels left

rFire   + + .        a - +0 spear
rCold   . . .        (no shield)
rNeg    . . .        v - +0 leather armour
rPois   .            k - +0 helmet
rElec   .            (no cloak)
rCorr   .            (no gloves)
SInv    .            (no boots)
Will    .....        (no amulet)
Stlth   +            h - ring of protection from fire
HPRegen 0.29/turn    l - ring of protection from fire
MPRegen 0.10/turn

%: no passive effects
@: no status effects
A: (nimble swimmer 2), mertail
a: Renounce Religion, Berserk, Trog's Hand


You were on level 4 of the Dungeon.
You worshipped Trog.
Trog was pleased with you.
You visited 1 branch of the dungeon, and saw 5 of its levels.

You collected 190 gold pieces.
You spent 75 gold pieces at shops.

Inventory:

Hand Weapons
 a - a +0 spear (weapon)
Missiles
 f - 2 poisoned darts (quivered)
 p - 2 silver javelins
Armour
 k - a +0 helmet (worn)
 v - a +0 leather armour (worn)
Jewellery
 h - a ring of protection from fire (left hand)
 l - a ring of protection from fire (right hand)
Talismans
 q - a beast talisman
Scrolls
 b - a scroll of fear {unknown}
 c - 2 scrolls of blinking
 d - a scroll of noise {unknown}
 e - a scroll of poison {unknown}
 g - 3 scrolls of teleportation {unknown}
 j - 4 scrolls of identify {unknown}
 n - a scroll of silence {unknown}
 s - a scroll of vulnerability {unknown}
Potions
 i - a potion of lignification {unknown}
 m - a potion of magic
 o - 2 potions of degeneration {unknown}
 r - 2 potions of ambrosia {unknown}
 t - a potion of heal wounds {unknown}


   Skills:
 + Level 5.4 Fighting
 + Level 6.4 Polearms
 - Level 1.3 Armour
 + Level 5.7 Dodging
 + Level 2.6 Shapeshifting


You had 6 spell levels left.
You didn't know any spells.
Your spell library was empty.

Dungeon Overview and Level Annotations

Branches:
Dungeon (5/15)
 Temple: D:4-7

Altars:
Sif Muna

Shops:
D:2 *([*

Annotations:
D:3 2 runed translucent doors, Gadfly's ghost, weakling DsSh


Innate Abilities, Weirdness & Mutations

((You are very nimble when in or above water. (Stealth+, EV+, Speed+++)))
Your lower body shifts to a powerful aquatic tail in water.


Message History

The adder is lightly wounded.
You feel sick. The adder bites you but does no damage. The iguana bites you!
You miss the adder.
The adder is lightly wounded.
You feel sick. The adder misses you.
You hit the adder.
The adder is severely wounded.
You feel sick. The adder bites you.
* * * LOW HITPOINT WARNING * * *
The iguana misses you.
You hit the adder.
The adder is almost dead.
You feel sick. The adder closely misses you. The iguana barely misses you.
You feel better. The adder misses you. The iguana closely misses you.
The adder misses you.
You hit the adder.
You kill the adder!
Trog accepts your kill. The iguana bites you.
You hit the iguana.
The iguana is lightly wounded.
The iguana bites you.
* * * LOW HITPOINT WARNING * * *
You hit the iguana.
The iguana is heavily wounded.
You hit the iguana.
The iguana is heavily wounded.
The iguana closely misses you.
You barely miss the iguana.
The iguana is heavily wounded.
The iguana bites you!
* * * LOW HITPOINT WARNING * * *
You barely miss the iguana.
The iguana is heavily wounded.
The iguana bites you.
* * * LOW HITPOINT WARNING * * *
You hit the iguana.
The iguana is heavily wounded.
The iguana bites you.
You die...

......## #.......#.......## #
.......# ##.##....#........####
.......## ##..##....#.........##.
........###..###.................
.........#....###...............#
..............###................
........#..........#......)......
........#..........#.............
..........###...@l.......).......
...........###..†..##............
..............#..####............
.........###........##...........
..........####.[...............#.
...........##...#####.........###
#.......##......# #.........# #
........###.....## #.........# #
.#......##...#...# #.........##


You could see an iguana.

Vanquished Creatures
  An ogre (D:4)
  A phantom (D:4)
  A scorpion (D:4)
  2 hounds (D:4)
  An orc priest (D:4)
  An iguana (D:4)
  7 adders
  2 ribbon worms (D:2)
  5 dart slugs
  9 orcs (D:4)
  6 ball pythons
  5 endoplasms
  5 goblins
  5 hobgoblins
  6 jackals
  4 quokkas
  A bat (D:3)
  8 kobolds
  3 rats
73 creatures vanquished.

Notes
Turn   | Place    | Note
-------+----------+-------------------------------------------
     0 | D:1      | NotreDorf the Merfolk Berserker began the quest for the
                  | Orb.
     0 | D:1      | Reached XP level 1. HP: 18/18 MP: 1/1
    96 | D:1      | Reached XP level 2. HP: 24/24 MP: 2/2
   380 | D:1      | Found a faded altar of an unknown god.
   497 | D:1      | Reached XP level 3. HP: 16/30 MP: 3/3
   748 | D:2      | Found Avump's General Store.
   758 | D:2      | Bought a scroll of blinking for 75 gold pieces
   902 | D:2      | Found Avizaw's Antique Armour Shoppe.
  1034 | D:2      | Found Nowkaes's Weapon Boutique.
  1055 | D:2      | Found Buuhov's Assorted Antiques.
  1168 | D:2      | Reached ** piety under Trog
  1326 | D:3      | Reached XP level 4. HP: 36/37 MP: 4/4
  1440 | D:3      | Found a large runed translucent door.
  1440 | D:3      | Found a large runed translucent door.
  1442 | D:3      | Noticed Gadfly's ghost (weakling DsSh)
  1595 | D:3      | Reached skill level 5 in Polearms
  2201 | D:4      | Reached XP level 5. HP: 13/43 MP: 5/5
  2488 | D:4      | Found a shimmering blue altar of Sif Muna.
  2692 | D:4      | Noticed a phantom
  2700 | D:4      | Killed a phantom
  2701 | D:4      | Reached skill level 5 in Fighting
  2701 | D:4      | Reached skill level 5 in Dodging
  2701 | D:4      | Reached skill level 1 in Shapeshifting
  2701 | D:4      | Reached XP level 6. HP: 51/51 MP: 6/6
  2715 | D:4      | Reached skill level 6 in Polearms
  2991 | D:4      | Reached XP level 7. HP: 40/56 MP: 7/7
  3674 | D:5      | Entered Level 5 of the Dungeon
  3700 | D:4      | HP: 2/56 [iguana (6)]
  3701 | D:4      | Slain by an iguana

Illustrated notes

Levels and vault maps discovered:
D:1:      wander_arrival_fairy_ring, layout_rooms,
          shapermc_ecumenical_altar_pompeii, minmay_tetromino_o4
D:2:      layout_rooms, serial_shops, nicolae_shop_peninsula,
          nicolae_square_shop, shop, nicolae_shop_bloodbath_and_beyond,
          reono_crystal_passage
D:3:      layout_loops_ring, ebering_ghost_disaster_area
D:4:      layout_layer_cave, mainiacjoe_overflow_alcove_1
D:5:      layout_basic, general_overflow_altar, minmay_temple_entry_wispy,
          uniq_grinder

Skill      XL: |  1  2  3  4  5  6 |
---------------+-------------------+-----
Dodging        | 3 4 5 |  5.7
Fighting       | 4 5 |  5.4
Polearms       | 5 6 |  6.4
Shapeshifting  | 1 2 |  2.6
Armour         | |  1.3

Action                     |  1- 3 |  4- 6 |  7- 9 || total
---------------------------+-------+-------+-------++-------
  Melee: Spear             |   125 |   185 |    33 ||   343
         Punch             |     1 |     1 |     1 ||     3
  Throw: Dart              |       |     3 |       ||     3
 Invoke: Berserk           |     1 |     1 |       ||     2
    Use: Potion            |       |     2 |     1 ||     3
   Stab: Sleeping          |     2 |     1 |       ||     3
 Armour: Animal skin       |    48 |    56 |       ||   104
         Leather armour    |       |    33 |    18 ||    51
  Dodge: Dodged            |    41 |   106 |    15 ||   162
